 Dungeon Crawl Stone Soup version 0.18-a0-1572-g0a86841 (webtiles) character file.

459 M4edhros the Sneak (level 7, -5/48 HPs)
             Began as an Octopode Chaos Knight on Mar 15, 2016.
             Slain by an ogre
             ... wielding a cursed +0 giant club
              (21 damage)
             ... on level 4 of the Dungeon.
             The game lasted 00:04:14 (3427 turns).

M4edhros the Sneak (Octopode Chaos Knight)          Turns: 3427, Time: 00:04:14

Health: -5/48      AC:  1    Str: 10 (11) XL:     7   Next: 6%
Magic:  7/7        EV: 13    Int: 13 (14) God:    Xom [*.....]
Gold:   83         SH:  0    Dex: 12 (14) Spells: 0 memorised, 6 levels left

rFire  . . .     SeeInvis .     a - +0 spear (chaos)
rCold  . . .     Gourm    .     (no shield)
rNeg   . . .     Faith    .     (helmet restricted)
rPois  .         Spirit   .     (no amulet)
rElec  .         Dismiss  .     (no ring)
rCorr  .         Reflect  .     (no ring)
SustAt .         Harm     .     (no ring)
MR     .....                    (no ring)
Stlth  +++++.....               (no ring)
                                (no ring)
                                (no ring)
                                (no ring)

@: not resistant to hostile enchantments, quite stealthy
A: almost no armour, amphibious, 8 rings, constrict 8, camouflage 1,
deterioration 1, gelatinous body 1
a: Renounce Religion


You were on level 4 of the Dungeon.
You worshipped Xom.
You were a special plaything of Xom.
You were not hungry.

You visited 1 branch of the dungeon, and saw 4 of its levels.

You collected 83 gold pieces.

Inventory:

Hand Weapons
 a - a +0 spear of chaos (weapon)
 j - a +1 spear of flaming
 n - a +2 dagger of electrocution
 o - a +0 morningstar of protection
Missiles
 i - 23 stones (quivered)
Scrolls
 d - a scroll of fear {unknown}
 e - a scroll of noise
 h - 7 scrolls of identify {unknown}
 k - a scroll of teleportation {unknown}
 l - a scroll of recharging {unknown}
 m - 3 scrolls of remove curse {unknown}
Comestibles
 b - 2 bread rations
 c - 2 meat rations
 f - a chunk of flesh


   Skills:
 + Level 4.1 Fighting
 + Level 0.4 Short Blades
 + Level 4.3 Polearms
 + Level 3.9 Dodging
 + Level 6.4 Stealth


You had 6 spell levels left.
You didn't know any spells.

Dungeon Overview and Level Annotations

Branches:
Dungeon (4/15)
 Temple: D:4-7

Altars:
Dithmenos
The Shining One

Annotations:
D:4 Blork the orc; namelastname112's ghost, amateur DgGl


Innate Abilities, Weirdness & Mutations

You cannot wear most types of armour.
You are amphibious.
You can wear up to eight rings at the same time.
You can use your tentacles to constrict eight enemies at once.
Your skin changes colour to match your surroundings (Stealth).
Your rubbery body absorbs attacks (AC +1).
Your body sometimes deteriorates upon taking damage.


Message History

The quokka is severely wounded.
You constrict the quokka, but do no damage.
The quokka barely misses you.
You hit the quokka but do no damage.
The quokka is poisoned.
The quokka is severely wounded.
You constrict the quokka. The quokka barely misses you.
You hit the quokka but do no damage.
The quokka is almost dead.
You constrict the quokka.
You kill the quokka!
You hit the ogre. You squeeze the ogre!
The ogre is heavily wounded.
The ogre hits you with a giant club!!
Ouch! That really hurt!
You hit the ogre. You burn the ogre.
The ogre is heavily wounded.
You hit the ogre. You burn the ogre. Your squeeze misses the ogre.
The ogre is almost dead.
The ogre hits you with a giant club!!
You die...

#.#......#
#.#.#...
#.#.#.#.#
##.......#
##...##...##
..... #....#
###...##...##
##...O..<#
###.#@###
#.#.# # #.#
#.# #.# ...
... #. #. ...
#.#. ..


You could see an ogre.

Vanquished Creatures
  Sigmund (D:3)
  A hound (D:2)
  Jessica (D:3)
  Terence (D:2)
  An orc wizard (D:3)
  Robin (D:3)
  8 adders
  An ooze (D:3)
  A worm (D:2)
  A dart slug (D:1)
  2 giant geckos (D:3)
  3 orcs (D:3)
  7 giant cockroaches
  15 hobgoblins
  11 jackals
  6 kobolds
  3 quokkas
  A ball python (D:1)
  7 bats
  5 giant newts
  17 goblins
  4 rats
98 creatures vanquished.

Vanquished Creatures (collateral kills)
  A dart slug (D:1)
1 creature vanquished.

Grand Total: 99 creatures vanquished

Notes
Turn   | Place    | Note
--------------------------------------------------------------
     0 | D:1      | M4edhros the Octopode Chaos Knight began the quest for the Orb.
     0 | D:1      | Reached XP level 1. HP: 16/16 MP: 1/1
    77 | D:1      | Reached XP level 2. HP: 18/21 MP: 2/2
    79 | D:1      | XOM: harmless Fire miscast
   233 | D:1      | XOM: divination: detect creatures
   249 | D:1      | Reached skill level 1 in Stealth
   317 | D:1      | Reached XP level 3. HP: 22/26 MP: 3/3
   478 | D:1      | Reached skill level 2 in Stealth
   605 | D:2      | Noticed Terence
   611 | D:2      | XOM: potion effect (agility)
   616 | D:2      | Killed Terence
   616 | D:2      | Reached XP level 4. HP: 29/31 MP: 4/4
   765 | D:2      | Reached skill level 3 in Stealth
   846 | D:2      | Found a shadowy altar of Dithmenos.
   991 | D:2      | XOM: medium Divn miscast
  1275 | D:2      | Reached skill level 4 in Stealth
  1296 | D:3      | Noticed Sigmund
  1301 | D:3      | Reached XP level 5. HP: 36/36 MP: 5/5
  1307 | D:3      | Killed Sigmund
  1307 | D:3      | Reached skill level 5 in Stealth
  1307 | D:3      | Reached XP level 6. HP: 41/43 MP: 6/6
  1383 | D:3      | Noticed Robin
  1495 | D:3      | Killed Robin
  1621 | D:3      | Reached skill level 6 in Stealth
  1762 | D:3      | Found a glowing golden altar of the Shining One.
  1786 | D:3      | Noticed Jessica
  1790 | D:3      | Killed Jessica
  1926 | D:3      | XOM: give mutation
  1926 | D:3      | Gained mutation: Your body sometimes deteriorates upon taking damage. [Xom's mischief]
  2036 | D:3      | XOM: cast spell 'Necromutation'
  2431 | D:3      | XOM: god gift: 23 stones
  2578 | D:4      | Noticed Blork the orc
  2712 | D:3      | XOM: harmless Pois miscast
  3071 | D:3      | XOM: colour smoke trail
  3092 | D:4      | Noticed namelastname112's ghost (amateur DgGl)
  3112 | D:3      | Reached XP level 7. HP: 8/48 MP: 7/7
  3245 | D:3      | XOM: stat loss: -1 Dex (12/14)
  3427 | D:4      | Slain by an ogre

Vault maps used:
D:1:      dpeg_arrival_arbitrary_a, hangedman_decor_peaks_small
D:2:      lemuel_round_altar, uniq_terence
D:3:      lemuel_round_altar, uniq_robin, uniq_jessica, uniq_sigmund
D:4:      temple_green, first_bread, uniq_pikel, uniq_blork_the_orc

Skill      XL: |  1  2  3  4  5  6 |
---------------+-------------------+-----
Stealth        | 1 2 4 5 6 |  6.4
Fighting       | 4 |  4.1
Polearms       | 4 |  4.3
Dodging        | 3 |  3.9
Short Blades   | |  0.4

Action                   |  1- 3 |  4- 6 |  7- 9 || total
-------------------------+-------+-------+-------++-------
Melee: Spear             |    65 |   137 |    10 ||   212
       Dagger            |       |    34 |       ||    34
  Use: Potion            |       |     5 |       ||     5
       Scroll            |       |     2 |       ||     2
 Stab: Sleeping          |     9 |    12 |       ||    21
       Distracted        |     1 |     3 |       ||     4
       Petrified         |       |     2 |       ||     2
  Eat: Chunk             |       |     6 |     2 ||     8
